3090 views
Uploaded 2020-07-15 00:36:57
Game version 1.32.6 / 1.32.7
18:41 long 4on4 custom game on (8)GolemsInTheMist_LV
Game name "LuX"
Saved by Immortalsoul
3090 views
Uploaded 2020-07-15 00:36:57
Game version 1.32.6 / 1.32.7
18:41 long 4on4 custom game on (8)GolemsInTheMist_LV
Game name "LuX"


132 units @ 17.8k
/ 1.4k
78 buildings @ 9.8k
/ 3k
Immortalsoul
(11)
(18:41) : 

| Lesser Clarity Potion | 2 | 140 |
| Scroll of Regeneration | 1 | 100 |
| Scroll of Town Portal | 2 | 700 |
| total: | 5 | 940g |
| Peasant | 12 | 900 | / | 0 |
| Rifleman | 17 | 3485 | / | 510 |
| Priest | 5 | 675 | / | 50 |
| total: | 34 | 5060g | / | 560w |
| Scout Tower | 2 | 60 | / | 40 |
| Blacksmith | 1 | 140 | / | 60 |
| Barracks | 2 | 320 | / | 120 |
| Altar of Kings | 1 | 180 | / | 50 |
| Farm | 11 | 880 | / | 220 |
| Arcane Vault | 1 | 130 | / | 30 |
| Lumber Mill | 1 | 120 | / | 0 |
| Arcane Sanctum | 1 | 150 | / | 140 |
| Keep | 2 | 640 | / | 420 |
| total: | 20 | 1980g | / | 660w |
| 0:01 | Peasant |
| 0:01 | Peasant |
| 0:18 | Peasant |
| 0:32 | Blacksmith |
| 0:38 | Peasant |
| 0:47 | Barracks |
| 0:53 | Peasant |
| 1:03 | Altar of Kings |
| 1:06 | Farm |
| 1:09 | Peasant |
| 1:23 | Farm |
| 1:29 | Peasant |
| 1:48 | Rifleman |
| 2:03 | Farm |
| 2:17 | Rifleman |
| 2:25 | Peasant |
| 2:46 | Rifleman |
| 3:08 | Summon Water Elemental |
| 3:13 | Rifleman |
| 3:34 | Keep |
| 3:53 | Farm |
| 4:31 | Rifleman |
| 4:31 | Rifleman |
| 4:31 | Rifleman |
| 4:52 | Peasant |
| 4:52 | Peasant |
| 4:53 | Peasant |
| 4:53 | Peasant |
| 5:20 | Barracks |
| 5:25 | Farm |
| 5:28 | Brilliance Aura |
| 5:59 | Rifleman |
| 5:59 | Rifleman |
| 6:01 | Farm |
| 6:02 | Farm |
| 6:04 | Rifleman |
| 6:32 | Rifleman |
| 6:35 | Farm |
| 6:52 | Rifleman |
| 7:05 | Farm |
| 7:40 | Lesser Clarity Potion |
| 7:44 | Rifleman |
| 8:46 | Keep |
| 9:31 | Rifleman |
| 9:51 | Rifleman |
| 9:58 | Arcane Vault |
| 10:32 | Lumber Mill |
| 10:43 | Summon Water Elemental |
| 10:50 | Scroll of Regeneration |
| 10:52 | Lesser Clarity Potion |
| 11:28 | Long Rifles |
| 11:58 | Scroll of Town Portal |
| 12:13 | Storm Bolt |
| 12:21 | Arcane Sanctum |
| 13:28 | Brilliance Aura |
| 13:34 | Black Gunpowder |
| 13:35 | Studded Leather Armor |
| 14:01 | Priest Adept Training |
| 14:02 | Priest |
| 14:05 | Farm |
| 14:05 | Farm |
| 14:15 | Rifleman |
| 14:55 | Scroll of Town Portal |
| 15:50 | Priest |
| 15:57 | Refined Gunpowder |
| 16:00 | Thunder Clap |
| 16:15 | Priest |
| 16:37 | Reinforced Leather Armor |
| 17:08 | Scout Tower |
| 17:08 | Scout Tower |
| 17:10 | Improved Lumber Harvesting |
| 17:20 | Priest |
| 18:27 | Rifleman |
| 18:27 | Priest |
| 18:39 | Storm Bolt |
| Select group | 1183 |
| Right click | 686 |
| Misc. action | 564 |
| Select | 273 |
| Build/train/purchase | 109 |
| Assign group | 77 |
| Minimap ping | 31 |
| Use ability | 11 |
| Resource trade | 10 |
| Item give/drop | 1 |

| Rod of Necromancy | 4 | 600 |
| Lesser Clarity Potion | 2 | 140 |
| Dust of Appearance | 1 | 75 |
| total: | 7 | 815g |
| Acolyte | 7 | 525 | / | 0 |
| Ghoul | 9 | 1080 | / | 0 |
| Crypt Fiend | 2 | 430 | / | 80 |
| total: | 18 | 2035g | / | 80w |
| Nerubian Tower | 3 | 300 | / | 60 |
| Spirit Tower | 4 | 580 | / | 160 |
| Graveyard | 1 | 215 | / | 0 |
| Crypt | 1 | 200 | / | 50 |
| Altar of Darkness | 1 | 180 | / | 50 |
| Ziggurat | 4 | 600 | / | 200 |
| Tomb of Relics | 2 | 260 | / | 60 |
| Necropolis | 2 | 450 | / | 0 |
| Halls of the Dead | 1 | 320 | / | 210 |
| total: | 11 | 1905g | / | 360w |
| 0:02 | Acolyte |
| 0:04 | Graveyard |
| 0:05 | Crypt |
| 0:16 | Acolyte |
| 0:16 | Acolyte |
| 0:16 | Acolyte |
| 0:16 | Acolyte |
| 0:16 | Acolyte |
| 0:16 | Acolyte |
| 0:39 | Altar of Darkness |
| 0:57 | Ziggurat |
| 1:08 | Ghoul |
| 1:09 | Ghoul |
| 1:09 | Ghoul |
| 1:09 | Ghoul |
| 1:09 | Ghoul |
| 1:09 | Ghoul |
| 1:25 | Tomb of Relics |
| 1:48 | Crypt Fiend |
| 1:57 | Ziggurat |
| 2:20 | Crypt Fiend |
| 2:46 | Rod of Necromancy |
| 2:51 | Ghoul |
| 2:54 | Death Coil |
| 3:21 | Halls of the Dead |
| 3:28 | Unholy Aura |
| 3:36 | Nerubian Tower |
| 3:45 | Spirit Tower |
| 4:00 | Ghoul |
| 4:52 | Ghoul |
| 5:04 | Rod of Necromancy |
| 5:05 | Dust of Appearance |
| 5:14 | Ziggurat |
| 5:46 | Necropolis |
| 6:04 | Death Coil |
| 6:11 | Spirit Tower |
| 6:47 | Necropolis |
| 6:54 | Lesser Clarity Potion |
| 8:39 | Tomb of Relics |
| 8:45 | Ziggurat |
| 9:19 | Lesser Clarity Potion |
| 9:35 | Nerubian Tower |
| 9:53 | Rod of Necromancy |
| 9:53 | Rod of Necromancy |
| 9:58 | Unholy Aura |
| Right click | 1314 |
| Select group | 629 |
| Select | 420 |
| Misc. action | 143 |
| Build/train/purchase | 76 |
| Use ability | 46 |
| Assign group | 39 |
| Resource trade | 26 |
| Chat | 16 |
| Item give/drop | 2 |
| Esc | 2 |


| Lesser Clarity Potion | 4 | 280 |
| Healing Salve | 3 | 300 |
| Scroll of Speed | 1 | 50 |
| Potion of Healing | 1 | 150 |
| Potion of Mana | 1 | 200 |
| Scroll of Town Portal | 3 | 1050 |
| Scroll of Healing | 4 | 1000 |
| Potion of Lesser Invulnerability | 1 | 150 |
| Scroll of Protection | 2 | 300 |
| total: | 20 | 3480g |
| Peon | 20 | 1500 | / | 0 |
| Grunt | 6 | 1200 | / | 0 |
| Raider | 3 | 540 | / | 120 |
| Wind Rider | 6 | 1590 | / | 240 |
| Kodo Beast | 1 | 255 | / | 60 |
| total: | 36 | 5085g | / | 420w |
| Altar of Storms | 1 | 180 | / | 50 |
| Orc Burrow | 7 | 1120 | / | 280 |
| Barracks | 1 | 180 | / | 50 |
| Voodoo Lounge | 1 | 130 | / | 30 |
| Great Hall | 2 | 770 | / | 370 |
| War Mill | 1 | 205 | / | 0 |
| Beastiary | 2 | 290 | / | 280 |
| Stronghold | 2 | 630 | / | 380 |
| Fortress | 2 | 650 | / | 380 |
| total: | 15 | 2875g | / | 1060w |
| 0:02 | Peon |
| 0:02 | Peon |
| 0:09 | Altar of Storms |
| 0:18 | Orc Burrow |
| 0:30 | Peon |
| 0:35 | Barracks |
| 0:43 | Peon |
| 0:53 | Peon |
| 0:53 | Peon |
| 1:08 | Peon |
| 1:29 | Orc Burrow |
| 1:36 | Grunt |
| 1:37 | Grunt |
| 1:44 | Peon |
| 2:01 | Voodoo Lounge |
| 2:07 | Feral Spirit |
| 2:07 | Feral Spirit |
| 2:21 | Grunt |
| 2:49 | Stronghold |
| 3:32 | Chain Lighting |
| 3:42 | Great Hall |
| 3:49 | Grunt |
| 4:24 | Grunt |
| 5:21 | Beastiary |
| 5:24 | Beastiary |
| 5:25 | Orc Burrow |
| 5:40 | Lesser Clarity Potion |
| 5:46 | Healing Salve |
| 5:52 | Lesser Clarity Potion |
| 5:52 | Scroll of Speed |
| 6:27 | Raider |
| 6:28 | Ensnare |
| 6:34 | Peon |
| 6:34 | Peon |
| 6:46 | Peon |
| 6:48 | Grunt |
| 6:53 | Peon |
| 7:15 | Raider |
| 7:21 | War Mill |
| 7:54 | Peon |
| 7:56 | Wind Rider |
| 8:05 | Orc Burrow |
| 8:10 | Shockwave |
| 8:13 | Pillage |
| 9:39 | Scroll of Town Portal |
| 9:39 | Scroll of Healing |
| 9:40 | Potion of Lesser Invulnerability |
| 9:46 | Wind Rider |
| 9:47 | Steel Armor |
| 10:32 | Raider |
| 10:33 | Reinforced Defenses |
| 10:36 | Orc Burrow |
| 10:50 | Feral Spirit |
| 10:57 | Endurance Aura |
| 12:35 | Wind Rider |
| 13:23 | Scroll of Town Portal |
| 13:23 | Scroll of Protection |
| 13:23 | Scroll of Healing |
| 13:37 | Scroll of Healing |
| 13:57 | Orc Burrow |
| 14:00 | Fortress |
| 14:01 | Wind Rider |
| 14:02 | Lesser Clarity Potion |
| 14:02 | Lesser Clarity Potion |
| 14:05 | Scroll of Town Portal |
| 14:05 | Healing Salve |
| 14:07 | Healing Salve |
| 14:08 | Potion of Healing |
| 14:08 | Potion of Mana |
| 14:21 | Peon |
| 14:22 | Peon |
| 14:22 | Peon |
| 14:45 | Shockwave |
| 15:16 | Kodo Beast |
| 15:18 | Wind Rider |
| 15:27 | Peon |
| 15:30 | Orc Burrow |
| 15:35 | Peon |
| 15:41 | Chain Lighting |
| 16:20 | Peon |
| 16:24 | Great Hall |
| 16:27 | Envenomed Spears |
| 16:27 | War Drums Damage Increase |
| 16:58 | Peon |
| 16:59 | Scroll of Healing |
| 17:05 | Scroll of Protection |
| 18:36 | Endurance Aura |
| 18:37 | Wind Rider |
| Right click | 1062 |
| Select | 529 |
| Select group | 432 |
| Misc. action | 220 |
| Build/train/purchase | 138 |
| Use ability | 65 |
| Assign group | 50 |
| Chat | 8 |
| Minimap ping | 6 |
| Resource trade | 4 |
| Esc | 1 |
KidDweeb
(4)
(18:41) : 

x1)
| Lesser Clarity Potion | 4 | 280 |
| Scroll of Regeneration | 3 | 300 |
| Scroll of Town Portal | 1 | 350 |
| Scroll of Healing | 1 | 250 |
| Tome of Retraining | 1 | 300 |
| Potion of Lesser Invulnerability | 1 | 150 |
| total: | 11 | 1630g |
| Peasant | 21 | 1575 | / | 0 |
| Footman | 10 | 1350 | / | 0 |
| Rifleman | 13 | 2665 | / | 390 |
| total: | 44 | 5590g | / | 390w |
| Scout Tower | 10 | 300 | / | 200 |
| Guard Tower | 4 | 280 | / | 200 |
| Arcane Tower | 2 | 140 | / | 100 |
| Altar of Kings | 1 | 180 | / | 50 |
| Farm | 9 | 720 | / | 180 |
| Barracks | 2 | 320 | / | 120 |
| Town Hall | 1 | 385 | / | 205 |
| Lumber Mill | 5 | 600 | / | 0 |
| Blacksmith | 2 | 280 | / | 120 |
| Arcane Vault | 2 | 260 | / | 60 |
| Keep | 2 | 640 | / | 420 |
| total: | 32 | 3045g | / | 935w |
| 0:01 | Peasant |
| 0:07 | Altar of Kings |
| 0:08 | Peasant |
| 0:19 | Farm |
| 0:20 | Barracks |
| 0:31 | Peasant |
| 0:40 | Peasant |
| 0:55 | Farm |
| 1:01 | Peasant |
| 1:17 | Peasant |
| 1:22 | Footman |
| 1:32 | Peasant |
| 1:35 | Farm |
| 1:47 | Footman |
| 1:50 | Peasant |
| 2:09 | Summon Water Elemental |
| 2:10 | Footman |
| 2:37 | Peasant |
| 2:37 | Footman |
| 2:56 | Brilliance Aura |
| 3:12 | Peasant |
| 3:21 | Town Hall |
| 3:32 | Peasant |
| 3:44 | Peasant |
| 4:31 | Footman |
| 4:31 | Footman |
| 4:32 | Peasant |
| 4:48 | Peasant |
| 5:07 | Footman |
| 5:08 | Lumber Mill |
| 5:10 | Barracks |
| 5:14 | Footman |
| 5:32 | Footman |
| 5:42 | Blacksmith |
| 5:43 | Arcane Vault |
| 5:47 | Footman |
| 6:00 | Peasant |
| 6:01 | Peasant |
| 6:21 | Lesser Clarity Potion |
| 6:21 | Scroll of Regeneration |
| 6:23 | Lesser Clarity Potion |
| 6:23 | Scroll of Regeneration |
| 6:51 | Scout Tower |
| 6:52 | Scout Tower |
| 6:53 | Rifleman |
| 6:58 | Rifleman |
| 7:02 | Scout Tower |
| 7:13 | Rifleman |
| 7:22 | Guard Tower |
| 7:23 | Arcane Tower |
| 7:29 | Keep |
| 7:40 | Rifleman |
| 8:03 | Guard Tower |
| 8:09 | Scroll of Regeneration |
| 8:28 | Rifleman |
| 8:39 | Summon Water Elemental |
| 8:39 | Summon Water Elemental |
| 8:57 | Lesser Clarity Potion |
| 9:06 | Rifleman |
| 9:51 | Long Rifles |
| 10:01 | Scout Tower |
| 10:02 | Scout Tower |
| 10:03 | Scout Tower |
| 10:03 | Scout Tower |
| 10:18 | Lesser Clarity Potion |
| 10:21 | Rifleman |
| 10:49 | Banish |
| 11:01 | Rifleman |
| 11:12 | Farm |
| 11:26 | Arcane Tower |
| 11:41 | Arcane Vault |
| 11:42 | Farm |
| 12:11 | Tome of Retraining |
| 12:11 | Retrain Hero |
| 12:11 | Potion of Lesser Invulnerability |
| 12:13 | Blizzard |
| 12:13 | Brilliance Aura |
| 13:00 | Rifleman |
| 13:02 | Peasant |
| 13:02 | Peasant |
| 13:02 | Peasant |
| 13:04 | Farm |
| 13:13 | Scroll of Town Portal |
| 13:14 | Scroll of Healing |
| 13:29 | Black Gunpowder |
| 13:32 | Farm |
| 13:34 | Farm |
| 13:56 | Brilliance Aura |
| 13:59 | Rifleman |
| 14:07 | Studded Leather Armor |
| 14:09 | Scout Tower |
| 14:12 | Lumber Mill |
| 14:14 | Lumber Mill |
| 14:23 | Siphon Mana |
| 14:30 | Peasant |
| 14:31 | Peasant |
| 14:45 | Rifleman |
| 15:17 | Rifleman |
| 15:18 | Farm |
| 16:01 | Scout Tower |
| 16:01 | Scout Tower |
| 16:19 | Lumber Mill |
| 16:21 | Lumber Mill |
| 16:42 | Guard Tower |
| 16:42 | Guard Tower |
| 16:54 | Rifleman |
| 17:50 | Blacksmith |
| 17:50 | Keep |
| 18:16 | Siphon Mana |
| 18:21 | Siphon Mana |
| Right click | 1187 |
| Select group | 721 |
| Select | 636 |
| Misc. action | 157 |
| Build/train/purchase | 122 |
| Assign group | 48 |
| Resource trade | 33 |
| Use ability | 30 |
| Minimap ping | 8 |
| Chat | 4 |
| Esc | 3 |
| Item give/drop | 2 |
92 units @ 12.1k
/ 1.3k
58 buildings @ 8.7k
/ 2.9k


| Rod of Necromancy | 2 | 300 |
| Sacrificial Skull | 1 | 50 |
| Potion of Mana | 1 | 200 |
| Scroll of Town Portal | 1 | 350 |
| Scroll of Healing | 1 | 250 |
| Potion of Lesser Invulnerability | 1 | 150 |
| Scroll of Protection | 1 | 150 |
| total: | 8 | 1450g |
| Acolyte | 2 | 150 | / | 0 |
| Goblin Sapper | 3 | 645 | / | 300 |
| Goblin Zeppelin | 1 | 240 | / | 60 |
| Goblin Shredder | 1 | 375 | / | 100 |
| total: | 7 | 1410g | / | 460w |
| Ziggurat | 1 | 150 | / | 50 |
| Altar of Darkness | 2 | 360 | / | 100 |
| Crypt | 1 | 200 | / | 50 |
| Tomb of Relics | 1 | 130 | / | 30 |
| total: | 5 | 840g | / | 230w |
| 0:01 | Acolyte |
| 0:01 | Acolyte |
| 0:07 | Ziggurat |
| 0:08 | Altar of Darkness |
| 0:12 | Crypt |
| 0:19 | Altar of Darkness |
| 0:49 | Tomb of Relics |
| 2:18 | Rod of Necromancy |
| 2:20 | Sacrificial Skull |
| 2:23 | Carrion Beetles |
| 5:11 | Rod of Necromancy |
| 6:19 | Impale |
| 8:46 | Goblin Sapper |
| 9:21 | Carrion Beetles |
| 9:39 | Goblin Zeppelin |
| 10:00 | Dark Ritual |
| 12:05 | Goblin Sapper |
| 14:40 | Goblin Shredder |
| 14:48 | Potion of Mana |
| 16:04 | Scroll of Town Portal |
| 16:04 | Potion of Lesser Invulnerability |
| 16:06 | Goblin Sapper |
| 17:06 | Scroll of Protection |
| 17:06 | Scroll of Healing |
| 18:38 | Impale |
| Right click | 1215 |
| Select group | 992 |
| Select | 433 |
| Misc. action | 151 |
| Resource trade | 146 |
| Build/train/purchase | 63 |
| Use ability | 46 |
| Assign group | 31 |
| Minimap ping | 14 |
| Chat | 4 |
| Item give/drop | 3 |
| Esc | 1 |

| Wisp | 12 | 720 | / | 0 |
| total: | 12 | 720g | / | 0w |
| Altar of Elders | 1 | 180 | / | 50 |
| Moon Well | 3 | 540 | / | 120 |
| total: | 4 | 720g | / | 170w |
| 0:03 | Wisp |
| 0:11 | Altar of Elders |
| 0:14 | Moon Well |
| 0:16 | Wisp |
| 0:27 | Wisp |
| 0:41 | Wisp |
| 0:51 | Wisp |
| 1:00 | Wisp |
| 1:26 | Wisp |
| 1:42 | Wisp |
| 1:49 | Wisp |
| 2:15 | Wisp |
| 2:30 | Breath of Fire |
| 4:35 | Drunken Haze |
| 5:24 | Wisp |
| 5:24 | Wisp |
| 7:02 | Breath of Fire |
| 10:41 | Moon Well |
| 10:46 | Moon Well |
| 13:24 | Drunken Haze |
| Right click | 1355 |
| Select group | 294 |
| Resource trade | 197 |
| Select | 151 |
| Use ability | 38 |
| Build/train/purchase | 24 |
| Assign group | 13 |
| Minimap ping | 6 |
| Item give/drop | 2 |
| Misc. action | 1 |
| Remove unit | 1 |

| Potion of Mana | 1 | 200 |
| Rod of Necromancy | 1 | 150 |
| Ritual Dagger | 1 | 125 |
| total: | 3 | 475g |
| Peasant | 9 | 675 | / | 0 |
| Footman | 18 | 2430 | / | 0 |
| Rifleman | 9 | 1845 | / | 270 |
| total: | 36 | 4950g | / | 270w |
| Scout Tower | 3 | 90 | / | 60 |
| Guard Tower | 1 | 70 | / | 50 |
| Altar of Kings | 1 | 180 | / | 50 |
| Barracks | 2 | 320 | / | 120 |
| Farm | 5 | 400 | / | 100 |
| Lumber Mill | 1 | 120 | / | 0 |
| Blacksmith | 1 | 140 | / | 60 |
| Town Hall | 1 | 385 | / | 205 |
| total: | 14 | 1635g | / | 595w |
| 0:01 | Peasant |
| 0:02 | Peasant |
| 0:04 | Altar of Kings |
| 0:11 | Peasant |
| 0:18 | Barracks |
| 0:33 | Farm |
| 0:39 | Peasant |
| 0:48 | Farm |
| 0:51 | Peasant |
| 1:19 | Footman |
| 1:59 | Footman |
| 1:59 | Footman |
| 1:59 | Footman |
| 1:59 | Footman |
| 2:26 | Footman |
| 2:39 | Storm Bolt |
| 4:22 | Footman |
| 4:36 | Bash |
| 4:52 | Farm |
| 4:53 | Farm |
| 5:03 | Lumber Mill |
| 5:20 | Footman |
| 5:58 | Footman |
| 6:18 | Footman |
| 6:21 | Farm |
| 6:40 | Storm Bolt |
| 7:21 | Footman |
| 7:23 | Scout Tower |
| 7:30 | Scout Tower |
| 7:31 | Scout Tower |
| 7:33 | Peasant |
| 7:33 | Peasant |
| 8:01 | Footman |
| 8:21 | Guard Tower |
| 8:23 | Footman |
| 8:42 | Footman |
| 8:49 | Thunder Clap |
| 9:32 | Rod of Necromancy |
| 9:43 | Ritual Dagger |
| 9:58 | Footman |
| 10:00 | Footman |
| 10:11 | Footman |
| 11:25 | Footman |
| 11:27 | Blacksmith |
| 12:24 | Town Hall |
| 13:04 | Rifleman |
| 13:22 | Barracks |
| 13:40 | Rifleman |
| 13:41 | Rifleman |
| 13:49 | Black Gunpowder |
| 13:51 | Peasant |
| 13:51 | Peasant |
| 14:02 | Rifleman |
| 14:03 | Rifleman |
| 14:15 | Rifleman |
| 14:29 | Rifleman |
| 14:39 | Rifleman |
| 15:02 | Rifleman |
| 17:03 | Potion of Mana |
| Right click | 1639 |
| Select group | 975 |
| Assign group | 479 |
| Select | 383 |
| Misc. action | 239 |
| Resource trade | 133 |
| Build/train/purchase | 63 |
| Use ability | 43 |
| Minimap ping | 2 |
| Esc | 1 |



| Rod of Necromancy | 5 | 750 |
| Sacrificial Skull | 2 | 100 |
| Potion of Healing | 4 | 600 |
| Orb of Corruption | 1 | 375 |
| Dust of Appearance | 1 | 75 |
| Scroll of Healing | 3 | 750 |
| Scroll of Town Portal | 2 | 700 |
| Potion of Lesser Invulnerability | 1 | 150 |
| total: | 19 | 3500g |
| Acolyte | 10 | 750 | / | 0 |
| Ghoul | 16 | 1920 | / | 0 |
| Crypt Fiend | 4 | 860 | / | 160 |
| Obsidian Statue | 1 | 200 | / | 35 |
| Abomination | 4 | 960 | / | 280 |
| Gargoyle | 2 | 350 | / | 60 |
| total: | 37 | 5040g | / | 535w |
| Spirit Tower | 4 | 580 | / | 160 |
| Crypt | 4 | 800 | / | 200 |
| Altar of Darkness | 1 | 180 | / | 50 |
| Ziggurat | 21 | 3150 | / | 1050 |
| Tomb of Relics | 3 | 390 | / | 90 |
| Graveyard | 1 | 215 | / | 0 |
| Necropolis | 1 | 225 | / | 0 |
| Slaughterhouse | 3 | 420 | / | 405 |
| Sacrificial Pit | 1 | 75 | / | 150 |
| Halls of the Dead | 1 | 320 | / | 210 |
| Black Citadel | 1 | 325 | / | 230 |
| total: | 35 | 5455g | / | 1945w |
| 0:02 | Acolyte |
| 0:09 | Crypt |
| 0:13 | Crypt |
| 0:16 | Acolyte |
| 0:36 | Altar of Darkness |
| 0:37 | Ziggurat |
| 0:47 | Acolyte |
| 1:02 | Crypt |
| 1:06 | Crypt |
| 1:10 | Ziggurat |
| 1:12 | Ghoul |
| 1:15 | Tomb of Relics |
| 1:24 | Tomb of Relics |
| 1:30 | Ghoul |
| 1:33 | Acolyte |
| 1:36 | Ziggurat |
| 1:47 | Ziggurat |
| 1:49 | Ziggurat |
| 1:50 | Ziggurat |
| 1:54 | Graveyard |
| 2:07 | Ghoul |
| 2:23 | Ghoul |
| 2:30 | Ghoul |
| 2:37 | Rod of Necromancy |
| 2:38 | Rod of Necromancy |
| 2:39 | Sacrificial Skull |
| 2:39 | Sacrificial Skull |
| 2:39 | Dust of Appearance |
| 2:43 | Ghoul |
| 2:48 | Frost Nova |
| 2:52 | Ghoul |
| 3:02 | Ghoul |
| 3:12 | Ghoul |
| 3:17 | Unholy Strength |
| 3:30 | Ziggurat |
| 3:30 | Ziggurat |
| 3:47 | Ziggurat |
| 3:48 | Necropolis |
| 4:22 | Ghoul |
| 4:28 | Ghoul |
| 5:07 | Ziggurat |
| 5:07 | Ziggurat |
| 5:20 | Ziggurat |
| 5:20 | Ziggurat |
| 5:20 | Ziggurat |
| 5:20 | Ziggurat |
| 5:26 | Acolyte |
| 5:30 | Ziggurat |
| 5:32 | Ghoul |
| 5:38 | Ghoul |
| 5:49 | Ghoul |
| 6:09 | Dark Ritual |
| 6:18 | Spirit Tower |
| 6:24 | Spirit Tower |
| 6:25 | Ghoul |
| 6:30 | Halls of the Dead |
| 6:31 | Unholy Armor |
| 6:44 | Acolyte |
| 6:58 | Crypt Fiend |
| 7:11 | Acolyte |
| 7:12 | Acolyte |
| 7:17 | Acolyte |
| 8:06 | Crypt Fiend |
| 8:32 | Creature Attack |
| 8:41 | Frost Nova |
| 9:02 | Black Citadel |
| 9:52 | Ghoul |
| 9:56 | Slaughterhouse |
| 9:57 | Slaughterhouse |
| 10:31 | Web |
| 10:32 | Spirit Tower |
| 10:33 | Spirit Tower |
| 10:36 | Death Coil |
| 10:49 | Potion of Healing |
| 10:50 | Rod of Necromancy |
| 11:06 | Potion of Healing |
| 11:15 | Crypt Fiend |
| 11:36 | Obsidian Statue |
| 11:41 | Orb of Corruption |
| 11:42 | Scroll of Healing |
| 12:06 | Slaughterhouse |
| 12:14 | Tomb of Relics |
| 12:16 | Abomination |
| 12:17 | Disease Cloud |
| 12:51 | Potion of Lesser Invulnerability |
| 12:52 | Scroll of Town Portal |
| 12:56 | Ghoul Frenzy |
| 13:01 | Unholy Aura |
| 13:42 | Abomination |
| 13:43 | Crypt Fiend |
| 13:44 | Improved Creature Attack |
| 13:46 | Improved Unholy Armor |
| 14:07 | Impale |
| 14:18 | Ziggurat |
| 14:18 | Ziggurat |
| 14:18 | Ziggurat |
| 14:43 | Scroll of Town Portal |
| 14:45 | Rod of Necromancy |
| 15:02 | Sacrificial Pit |
| 15:52 | Abomination |
| 15:53 | Gargoyle |
| 16:24 | Ziggurat |
| 16:25 | Ziggurat |
| 16:51 | Acolyte |
| 16:58 | Scroll of Healing |
| 17:02 | Scroll of Healing |
| 17:03 | Potion of Healing |
| 17:03 | Rod of Necromancy |
| 17:11 | Potion of Healing |
| 17:25 | Carrion Beetles |
| 17:29 | Death Coil |
| 17:40 | Abomination |
| 17:41 | Gargoyle |
| Right click | 611 |
| Select group | 602 |
| Select | 405 |
| Build/train/purchase | 111 |
| Misc. action | 54 |
| Use ability | 47 |
| Assign group | 24 |
| Resource trade | 14 |
| Minimap ping | 6 |
| Item give/drop | 4 |
| Chat | 4 |
| Remove unit | 3 |
⇛